Zazza, neutral female gnomish Wizard -------- -- --..--..| --.- |.......-- |... ---- |........| -..--..-- --.......-- -......-- |.--...^.| --...<..| -----....| ---- |-....-- --- |....| |..| --...--- --.-- |.---- |h.| --..--- --...| |.| ---@.| -----|...| |...----|.| |..fB| |...--.--| ---...--..|.| ---.--:| |........| |...........| |...||.| ---..---.----------.---.....-.----.---|G| --...|............| --...........| |.| |...|--....----..| ---.....----- |(| --.-- |....- ---- --....| |.- -- ---...| --...-- |. --..| |....| |^ ---- --*--- -- --- Zazza the Evoker Experience level: 1 Strength: 11 Dexterity: 9 Constitution: 14 Intelligence: 19 Wisdom: 11 Charisma: 11 Health: 0(11) Energy: 8(8) Def: 1 Gold: 2448 Moves: 1485 Dungeon seed: OyvtoM42iTltKV6g Game ID: Zazza_1620720765 Your Inventory: Coins $ - 2448 gold pieces Weapons D - a +0 dagger I - 2 +0 orcish daggers J - a +0 elven dagger (weapon in hand) Armor e - an uncursed +0 cloak of magic resistance (being worn) Comestibles p - an uncursed food ration v - an uncursed food ration z - an uncursed tripe ration E - an uncursed tin of kobold meat L - an uncursed slime mold Scrolls i - an uncursed scroll of confuse monster j - an uncursed scroll of identify k - an uncursed scroll of remove curse Spellbooks l - a blessed spellbook of force bolt m - an uncursed spellbook of detect unseen w - an uncursed spellbook of cure sickness A - an uncursed spellbook of light Potions f - an uncursed potion of speed g - an uncursed potion of booze h - an uncursed potion of extra healing B - a cursed potion of gain level F - an uncursed potion of blindness G - an uncursed potion of sickness Rings c - an uncursed ring of slow digestion d - an uncursed ring of conflict Wands b - a wand of fire (0:4) x - a wand of cancellation (0:6) Tools n - a magic marker (0:73) o - an uncursed blindfold C - an uncursed tin whistle H - an uncursed blindfold K - an uncursed towel Gems q - an uncursed luckstone r - an uncursed garnet stone y - an uncursed worthless piece of blue glass Spells and supernatural/magical abilities: Name Level Category Fail Memory a - force bolt 1 attack 0% 93% l - light 1 divination 0% 96% K - cure sickness 3 healing 85% 95% U - detect unseen 3 divination 85% 93% W - pray for help -- divine ? -- Your skills at the end: Fighting Skills Weapon Skills quarterstaff [Basic] Spellcasting Skills attack spells [Basic] enchantment spells [Basic] Final Attributes: You were nominally aligned. You were magic-protected. You had infravision. You were lucky. You had extra luck. Bad luck did not time out for you. Good luck did not time out for you. You are dead. Vanquished creatures: a hobbit a giant rat 2 green molds a red mold a gnome zombie a gecko 7 jackals 2 foxes a kobold 3 goblins 3 sewer rats 5 grid bugs a bat 2 lichens a kobold zombie 3 newts 35 creatures vanquished. Voluntary challenges: You used a wielded weapon 9 times, starting on turn 840. You read items or engraved 9 times, starting on turn 374. You never genocided any monsters. You never polymorphed an object. You never changed form. You used no wishes. You never split a pudding. You wrote Elbereth's name 2 times, starting on turn 726. You never violated your personal moral code. Dungeon overview: The Dungeons of Doom: levels 1 to 3 Level 1 a long staircase Level 2 a general store Level 3 stairs to The Gnomish Mines The Gnomish Mines: levels 4 to 5 Level 4 stairs to The Dungeons of Doom Level 5 <- You were here History has recorded: On T:1 you entered the Dungeons of Doom to retrieve the Amulet of Yendor! On T:160 you reached level 2 of The Dungeons of Doom. On T:736 you reached level 3 of The Dungeons of Doom. On T:899 you reached level 1 of The Gnomish Mines. On T:1328 you reached level 2 of The Gnomish Mines. Score breakdown: Gold: 2448 (11528 points) Experience: 1 level ( 0 points) Exploration: 5 levels ( 9.43%) ( 8320 points) Discoveries: 4 items ( 1.39%) ( 3541 points) Valuables value: (no points given unless you survive) Artifact value: 0 ( 0 points) Variety of kills: 16 monsters ( 4.20%) ( 6147 points) Turncount: 1485 turns ( 0 points) Survival: died (score multiplied by 80%) Total score: 23628 Latest messages: You see here a slime mold. The grid bug bites! You miss the grid bug. The grid bug bites! You kill the grid bug! L - a slime mold. You hear some noises. The red mold is killed! You displace Armand. A gush of water hits the bat on the head! The giant bat bites Armand. Armand misses the giant bat. The giant bat misses Armand. Armand misses the giant bat. (2x) The giant bat misses Armand. You miss the giant bat. Armand misses the giant bat. The giant bat bites! (2x) You miss the giant bat. Armand misses the giant bat. The giant bat bites! Armand bites the giant bat. The giant bat bites Armand. The giant bat bites! You die... Final status: Goodbye Zazza the Wizard, killed by a giant bat... You died in The Gnomish Mines on dungeon level 5 with 23628 points, and 2448 pieces of gold, after 1485 moves. You were level 1 with a maximum of 11 hit points when you died.